 Dungeon Crawl Stone Soup version 0.15.2 (webtiles) character file.

9775 Ge0ff the Slinger (level 11, -11/74 HPs)
             Began as a Halfling Gladiator on Dec 6, 2022.
             Was an Elder of Okawaru.
             Mangled by a cyan ugly thing (15 damage)
             ... summoned by a minotaur
             ... in a labyrinth.
             The game lasted 00:53:15 (15781 turns).

Ge0ff the Slinger (Halfling Gladiator)             Turns: 15781, Time: 00:53:15

HP -11/74        AC 20     Str 18      XL: 11   Next: 80%
MP  20/20        EV 10     Int  7      God: Okawaru [****..]
Gold 521         SH  7     Dex 16      Spells:  0 memorised, 10 levels left

rFire  . . .     SeeInvis .     w - +0 blowgun
rCold  . . .     Clarity  .     k - +0 chain mail
rNeg   + . .     rCorr    .     H - +0 buckler
rPois  .         rRot     .     Q - +0 helmet
rElec  .         Spirit   .     G - +0 cloak
SustAb .         Warding  .     n - +0 pair of gloves
rMut   .         Stasis   .     i - +1 pair of boots
Gourm  +                        U - amulet of the gourmand
MR     .....                    (no ring)
                                v - ring of positive energy

@: heroism, not resistant to hostile enchantments, very unstealthy
A: mutation resistance 1
a: Heroism, Renounce Religion


You were in a labyrinth.
You worshipped Okawaru.
Okawaru was greatly pleased with you.
You were very full.

You visited 2 branches of the dungeon, and saw 12 of its levels.
You also visited: Labyrinth.

You collected 521 gold pieces.

Inventory:

Hand weapons
 a - a +0 greatsling of freezing
 b - the -2 hunting sling "Trog's Fury" {freeze, rF++ Dex+3}
   (You found it on level 4 of the Dungeon)

   It turns projectiles fired from it into bolts of frost.
   It affects your dexterity (+3).
   It greatly protects you from fire.
 h - a +0 cutlass
 u - the +1 falchion of the Known World {vamp, rPois rN+ Str-2, unknown}
   (You found it on level 9 of the Dungeon)

   It inflicts no extra harm, but heals its wielder somewhat when it strikes a
   living foe.
   It affects your strength (-2).
   It protects you from poison.
   It protects you from negative energy.
 w - a +0 blowgun (weapon)
 C - a +2 vampiric dagger
 F - a cursed -1 dagger
 O - a +1 dagger of speed
 Z - a -3 short sword of venom
Missiles
 e - 13 exploding sling bullets
 t - 152 stones
 E - 4 sling bullets
 L - 13 tomahawks
 S - 72 poisoned needles
 X - 9 curare-tipped needles (quivered)
Armour
 i - a +1 pair of boots (worn)
 k - a +0 chain mail (worn)
 n - a +0 pair of gloves (worn)
 G - a +0 cloak (worn)
 H - a +0 buckler (worn)
 Q - a +0 helmet (worn)
 Y - a +0 plate armour
Magical devices
 f - a wand of flame (7)
 y - a wand of slowing (10)
 K - a wand of draining (8)
Comestibles
 j - 26 fruits
 m - 2 rotting chunks of orc flesh
 o - a slice of pizza
 p - 4 meat rations
 N - 4 bread rations
 V - a royal jelly
Scrolls
 z - a scroll of enchant armour
 D - a scroll of immolation
 T - 4 scrolls of teleportation
Jewellery
 v - a ring of positive energy (left hand)
 P - an uncursed ring of poison resistance {unknown}
 U - an amulet of the gourmand (around neck)
Potions
 g - 2 potions of lignification {unknown}
 l - a potion of agility {unknown}
 q - 7 potions of curing
 r - 2 potions of cure mutation {unknown}
 s - a potion of mutation {unknown}
 x - a potion of flight {unknown}
 A - a potion of brilliance {unknown}
 I - a potion of restore abilities {unknown}
 J - 2 potions of haste {unknown}
 M - 3 potions of might
 R - a potion of resistance


   Skills:
 + Level 6.9(11.9) Fighting
 - Level 4.0(9.0) Short Blades
 + Level 14.9(20.0) Slings
 - Level 3.0(14.7) Throwing
 + Level 7.9(12.9) Armour
 - Level 5.0(10.0) Dodging
 - Level 2.0(7.0) Stealth
 - Level 4.0(9.0) Shields
 + Level 5.9 Invocations
 - Level 5.0 Evocations


You had 10 spell levels left.
You didn't know any spells.

Dungeon Overview and Level Annotations

Branches:
Dungeon (11/15)            Temple (1/1) D:4
    Orc: D:9-12        Lair: D:8-11

Altars:
Ashenzari
Cheibriados
Dithmenos
Elyvilon
Fedhas
Kikubaaqudgha
Makhleb
Nemelex Xobeh
Okawaru
Qazlal
Sif Muna
Trog
Vehumet
Xom
Yredelemnul
Zin
The Shining One

Shops:
D:5 }   D:8 (


Innate Abilities, Weirdness & Mutations

You are small and have problems with some larger weapons.
You are somewhat resistant to further mutation.


Message History

Your +0 greatsling of freezing stops glowing.
w - a +0 blowgun (weapon)
Things that are here:
a sling bullet; a stone Firing (i - inventory. (,) - cycle):
X - 10 curare-tipped needles (quivered)
Press: ? - help, Shift-Dir - straight line, f/p - minotaur
Aim: a minotaur, wielding a long glowing rod and wearing an amulet of rage (heavily wounded, slow)
You shoot a curare-tipped needle.
The curare-tipped needle hits the minotaur.
The minotaur is poisoned.
The minotaur convulses.
The minotaur seems to be slow for longer.
The minotaur is severely wounded.
The minotaur zaps a rod.
Drink which item? (? for menu, Esc to quit)
You feel better.
The cyan ugly thing gurgles horribly! x2
The cyan ugly thing trunk-slaps you!
* * * LOW HITPOINT WARNING * * *
The cyan ugly thing shocks you!
You die...

. .# ### #
. . .. .. .
#.########▓
#.......▓ #
..#
#.#.#C#.▓ .
# # #.#T#.▓
#. #.#
#§#H#.▓ .
.#.#.##▓ .
## #.#@uu▓
. .
..#(#...#
####u#####
# ...(....
## ####. ##
(. ###


You could see a minotaur, 3 ugly things, a hill giant and a troll.

Vanquished Creatures
  A hill giant (D:11)
  Erolcha (D:10)
  A troll (D:10)
  5 yaks
  2 wyverns
  A deep elf mage (D:7)
  4 wandering mushrooms (D:9)
  4 hippogriffs
  4 ice beasts
  7 orc warriors
  7 ogres
  A phantom (D:4)
  2 necrophages (D:7)
  A sky beast (D:5)
  4 big kobolds
  4 centaurs
  Sigmund (D:4)
  A gnoll sergeant (D:7)
  4 giant frogs
  11 scorpions
  8 wights
  10 killer bees (D:8)
  2 oklob saplings (D:9)
  2 crimson imps
  A goliath beetle (D:7)
  2 jellies
  5 hounds
  7 orc priests
  8 worker ants
  14 orc wizards
  An iguana (D:9)
  Ijyb (D:4)
  An ogre skeleton (D:5)
  A big kobold skeleton (D:6)
  Terence (D:3)
  15 gnolls
  A shadow imp (D:6)
  12 adders
  3 giant mites
  3 worms
  An orc zombie (D:7)
  2 orc skeletons
  6 giant geckos
  An ooze (D:1)
  48 orcs
  7 ball pythons
  22 bats
  19 goblins
  20 hobgoblins
  3 jackals
  3 quokkas
  6 giant cockroaches
  3 giant newts
  A goblin skeleton (D:5)
  40 kobolds
  A kobold zombie (D:5)
  A quokka skeleton (D:4)
  11 rats
  2 ballistomycetes (D:8)
  4 fungi (D:6)
365 creatures vanquished.

Vanquished Creatures (others)
  A giant spore (D:8)
  4 fungi (D:6)
  A plant (D:5)
6 creatures vanquished.

Grand Total: 371 creatures vanquished

Notes
Turn   | Place    | Note
--------------------------------------------------------------
     0 | D:1      | Ge0ff, the Halfling Gladiator, began the quest for the Orb.
     0 | D:1      | Reached XP level 1. HP: 14/14 MP: 1/1
   173 | D:1      | Reached skill level 1 in Armour
   173 | D:1      | Reached skill level 1 in Stealth
   173 | D:1      | Reached XP level 2. HP: 16/19 MP: 2/2
   316 | D:1      | Reached XP level 3. HP: 21/24 MP: 3/3
  1589 | D:2      | Reached XP level 4. HP: 29/29 MP: 4/4
  1734 | D:2      | Found a burning altar of Makhleb.
  2488 | D:3      | Noticed an air elemental
  2491 | D:3      | Noticed a water elemental
  2494 | D:3      | Found a stormy altar of Qazlal.
  2506 | D:3      | Noticed a fire elemental
  2867 | D:3      | Reached XP level 5. HP: 25/35 MP: 5/5
  3247 | D:3      | Noticed Terence
  3289 | D:3      | Reached skill level 1 in Evocations
  3322 | D:3      | Killed Terence
  3752 | D:3      | Reached skill level 1 in Slings
  3761 | D:3      | Reached XP level 6. HP: 26/42 MP: 7/7
  3898 | D:3      | Noticed an earth elemental
  4419 | D:4      | Got a faintly glowing hunting sling
  4420 | D:4      | Identified the cursed -2 hunting sling "Trog's Fury" {freeze, rF++ Dex+3} (You found it on level 4 of the Dungeon)
  4477 | D:4      | Reached XP level 7. HP: 42/46 MP: 10/10
  4542 | D:4      | Found a staircase to the Ecumenical Temple.
  4705 | Temple   | Entered the Ecumenical Temple
  4931 | D:4      | Reached skill level 5 in Slings
  5156 | D:4      | Reached skill level 5 in Dodging
  5263 | D:4      | Reached skill level 1 in Shields
  5270 | D:4      | Reached XP level 8. HP: 52/52 MP: 12/12
  5288 | D:4      | Reached skill level 6 in Slings
  5330 | D:4      | Noticed Sigmund
  5335 | D:4      | Killed Sigmund
  5466 | D:4      | Noticed Ijyb
  5489 | D:4      | Killed Ijyb
  5547 | D:5      | Entered Level 5 of the Dungeon
  5733 | D:5      | Reached skill level 7 in Slings
  5867 | D:5      | Found Stigul's Gadget Shoppe.
  5941 | D:5      | Found a white marble altar of Elyvilon.
  6147 | D:5      | Found a bloodstained altar of Trog.
  6151 | D:5      | Found a burning altar of Makhleb.
  6243 | D:5      | Found a glowing golden altar of the Shining One.
  6440 | D:5      | Found a shattered altar of Ashenzari.
  6458 | D:5      | Saw a vision of the Swamp and the Snake Pit.
  6458 | D:5      | Noticed a naga warrior
  6458 | D:5      | Noticed a black mamba
  6458 | D:5      | Noticed an alligator
  6458 | D:5      | Noticed a naga mage
  6459 | D:5      | Noticed a baby alligator
  6459 | D:5      | Noticed a baby alligator
  6459 | D:5      | Noticed a baby alligator
  6459 | D:5      | Noticed a naga sharpshooter
  6460 | D:5      | Noticed a baby alligator
  6460 | D:5      | Noticed an anaconda
  6460 | D:5      | Noticed an alligator
  6573 | D:5      | Reached skill level 8 in Slings
  6740 | D:5      | Found a stormy altar of Qazlal.
  6795 | D:6      | Reached XP level 9. HP: 45/56 MP: 13/13
  6907 | D:6      | Reached skill level 5 in Armour
  7236 | D:6      | Reached skill level 9 in Slings
  8018 | D:6      | Reached skill level 10 in Slings
  8208 | D:6      | Found an iron altar of Okawaru.
  8300 | D:6      | Became a worshipper of Warmaster Okawaru
  9166 | D:7      | Reached skill level 11 in Slings
  9267 | D:7      | Acquired Okawaru's first power
  9304 | D:7      | Reached skill level 1 in Invocations
  9408 | D:7      | Reached XP level 10. HP: 65/65 MP: 17/17
  9638 | D:7      | Reached skill level 5 in Fighting
  9690 | D:7      | Reached skill level 5 in Evocations
  9713 | D:7      | Reached skill level 12 in Slings
 10944 | D:8      | Found Sawnomad's Antique Weapon Shop.
 12740 | D:9      | Reached skill level 13 in Slings
 13030 | D:9      | Reached XP level 11. HP: 72/72 MP: 19/19
 13523 | D:9      | Reached skill level 5 in Invocations
 13551 | D:9      | Got a crude falchion
 13801 | D:9      | Found a blossoming altar of Fedhas.
 13815 | D:9      | Reached skill level 14 in Slings
 14110 | D:10     | Entered Level 10 of the Dungeon
 14110 | D:10     | Noticed Erolcha
 14114 | D:10     | Killed Erolcha
 15096 | D:10     | Received a gift from Okawaru
 15520 | D:11     | Noticed a hill giant
 15540 | D:11     | Killed a hill giant
 15560 | D:11     | Found a labyrinth entrance.
 15584 | Lab      | Entered a labyrinth
 15744 | Lab      | Noticed a minotaur
 15771 | Lab      | HP: 2/74 [minotaur/long glowing rod (11)]
 15781 | Lab      | Noticed a hill giant
 15781 | Lab      | Noticed a cyan ugly thing
 15781 | Lab      | Noticed a cyan ugly thing
 15781 | Lab      | Noticed a cyan ugly thing
 15781 | Lab      | Mangled by a cyan ugly thing

Action                   |  1- 3 |  4- 6 |  7- 9 | 10-12 || total
-------------------------+-------+-------+-------+-------++-------
Melee: Cutlass           |   113 |   157 |       |       ||   270
       Hunting sling     |       |       |     1 |       ||     1
 Fire: Blowgun           |       |    28 |       |     5 ||    33
       Hunting sling     |       |    58 |   891 |  1125 ||  2074
       Greatsling        |       |       |       |     9 ||     9
Throw: Throwing net      |     1 |       |       |     5 ||     6
       Stone             |       |     1 |       |       ||     1
Invok: Heroism           |       |       |       |     8 ||     8
Evoke: Wand              |       |     1 |     4 |     5 ||    10
  Use: Scroll            |     2 |     5 |     4 |    10 ||    21
       Potion            |       |       |       |     5 ||     5
 Stab: Held in net/web   |     1 |       |       |       ||     1
       Sleeping          |       |     6 |       |       ||     6
  Eat: Chunk             |     2 |    17 |    11 |    20 ||    50
       Beef jerky        |       |     1 |       |       ||     1

Vault maps used:
D:1:      evilmike_arrival_hilbert_curve, st_stairs_1, minivault_24,
          minmay_hedge_maze
D:2:      bloody_makhleb
D:3:      first_bread, minmay_tree_intersection, st_stairs_7,
          nicolae_qazlal_style_of_elements, uniq_terence
D:4:      minmay_temple_entry_statues_pillars, serial_park_tiny_2,
          corner_web_ring, uniq_iyjb, uniq_sigmund
D:5:      gammafunk_temple_overflow_statue, elyvilon_altar_3,
          lemuel_doored_altar, nicolae_tso_carved_into_rock, serial_shops,
          nicolae_shop_temple_entry_statues_fountains, grunt_ashenzari_visionary
D:6:      old_forge, okawaru_altar_gauntlet_db
D:8:      serial_shops, shop
D:9:      hangedman_tree_tricks
D:10:     kennysheep_generic_room_12, uniq_erolcha
D:11:     lair_0_dummy, lab_entry_generic
Temple:   triangle_lava_temple_11
Lab:      labyrinth_mini_lab, labyrinth_skeletal_remains, lab_fountain,
          nicolae_lab_starburst
